 Dungeon Crawl Stone Soup version 0.21-a0-372-gd0ff781 (webtiles) character file.

4559 Kavrick the Destroyer (level 10, -4/69 HPs)
             Began as a Pale Draconian Conjurer on Oct 17, 2017.
             Was a Follower of Sif Muna.
             Slain by a killer bee (13 damage)
             ... on level 7 of the Dungeon.
             The game lasted 00:35:13 (14158 turns).

Kavrick the Destroyer (Pale Draconian Conjurer)    Turns: 14158, Time: 00:35:14

Health: -4/69      AC:  9    Str: 10    XL:     10   Next: 18%
Magic:  8/22       EV: 12    Int: 19    God:    Sif Muna [*.....]
Gold:   453        SH:  5    Dex: 12    Spells: 15/25 levels left

rFire    . . .     SeeInvis .   H - staff of conjuration
rCold    . . .     Gourm    .   (no shield)
rNeg     . . .     Faith    .   (armour unavailable)
rPois    +         Spirit   .   (helmet restricted)
rElec    .         Reflect  +   (no cloak)
rCorr    .         Harm     .   o - +1 pair of gloves
MR       .....                  (no boots)
Stlth    ++........             e - +5 amulet of reflection
HPRegen  0.21/turn              l - ring of poison resistance
MPRegen  0.18/turn              r - ring of poison resistance

@: lethally poisoned (-4 -> -5)
A: breathe steam, unfitting armour, cold-blooded, AC +7
a: Breathe Steam, Divine Energy, Renounce Religion


You were on level 7 of the Dungeon.
You worshipped Sif Muna.
Sif Muna was aware of your devotion.
You were not hungry.

You visited 2 branches of the dungeon, and saw 9 of its levels.
You also visited: Sewer.

You collected 453 gold pieces.

Inventory:

Hand Weapons
 h - a +1 short sword
Armour
 o - a +1 pair of gloves (worn)
Magical Staves
 y - an uncursed staff of energy
 H - an uncursed staff of conjuration (weapon)
Jewellery
 e - a +5 amulet of reflection (around neck)
 l - a ring of poison resistance (left hand)
 r - a ring of poison resistance (right hand)
Wands
 x - a wand of scattershot (9/9)
Scrolls
 c - 5 scrolls of recharging
 k - 2 scrolls of fog
 n - 2 scrolls of blinking
 p - a scroll of enchant weapon
 q - 3 scrolls of magic mapping {unknown}
 s - 3 scrolls of amnesia {unknown}
 t - 2 scrolls of immolation {unknown}
 u - 4 scrolls of teleportation {unknown}
 z - 3 scrolls of identify
 B - a scroll of fear {unknown}
 D - a scroll of random uselessness {unknown}
Potions
 d - 2 potions of might {unknown}
 g - a potion of curing
 m - a potion of agility
 w - 2 potions of brilliance
 C - 3 potions of haste
 E - 2 potions of invisibility
 G - 2 potions of ambrosia {unknown}
Books
 a - a book of Conjurations

   Spells                             Type                      Level
   a - Magic Dart                     Conjuration                  1
   b - Searing Ray                    Conjuration                  2
   c - Dazzling Spray                 Conjuration/Hexes            3
   d - Fulminant Prism                Conjuration/Hexes            4
   e - Force Lance                    Conjuration/Translocation    4
   f - Iskenderun's Mystic Blast      Conjuration                  4
 v - a book of Cantrips

   Spells                             Type                      Level
   a - Confusing Touch                Hexes                        1
   b - Animate Skeleton               Necromancy                   1
   c - Summon Small Mammal            Summoning                    1
   d - Apportation                    Translocation                1
Comestibles
 b - 8 bread rations
 f - 4 fruits
 i - 6 chunks of flesh
 j - 4 meat rations
 F - a royal jelly


   Skills:
 - Level 1.7 Dodging
 - Level 1.7 Stealth
 + Level 8.4 Spellcasting
 + Level 9.8 Conjurations
 + Level 7.2 Hexes


You had 15 spell levels left.
You knew the following spells:

 Your Spells              Type           Power        Failure   Level  Hunger
a - Magic Dart            Conj           ####         1%          1    None
b - Searing Ray           Conj           ######       1%          2    None
c - Dazzling Spray        Conj/Hex       ######       1%          3    None
d - Iskenderun's Mystic   Conj           ######..     1%          4    ###....


Dungeon Overview and Level Annotations

Branches:
Dungeon (8/15)             Temple (1/1) D:7
   Lair: D:8-11

Altars:
Ashenzari
Cheibriados
Dithmenos
Elyvilon
Fedhas
Gozag
Hepliaklqana
Kikubaaqudgha
Okawaru
Sif Muna
Trog
Uskayaw
Vehumet
Wu Jian
Xom
Yredelemnul
Zin

Shops:
D:7 *}

Annotations:
D:4 Sigmund


Innate Abilities, Weirdness & Mutations

You can breathe blasts of scalding, opaque steam.
Your pale cyan-grey scales are hard. (AC +7)
You cannot fit into any form of body armour.
You are cold-blooded and may be slowed by cold attacks.


Message History

You kill the queen bee!
Sif Muna accepts your kill.
You feel sick. The killer bee closely misses you. The killer bee stings you!
* * * LOW HITPOINT WARNING * * *
The killer bee barely misses you.
Unknown command.
Casting: Searing Ray
Confirm with . or Enter, or press ? or * to list all spells.
Aiming: Dazzling Spray
Press: ? - help, Shift-Dir - straight line, f - killer bee
Aim: a killer bee (berserk, fast, unusually strong)
You feel a surge of power!
The spray of energy hits the killer bee.
The killer bee is lightly wounded.
The killer bee is dazzled.
You block the killer bee's attack. x2
The killer bee closely misses you.
You feel sick.
The killer bee stings you but does no damage.
The killer bee stings you!
You die...

####### ##.....##
####.......# ###
#.#........## ##.###
#...........# #....##
#...........#
##.....###...##....###
#.......##.y..######
#.........@.†.## ###
##..............## ####.#
#................####....##
#............>...##.......#
###.......................#
##......................##
##.....................(#
##......#..............#
###
###......###.............#


You could see a killer bee (berserk).

Vanquished Creatures
  A queen bee (D:7)
  A hornet (D:7)
  3 wraiths (D:7)
  A hungry ghost (D:8)
  Edmund (D:5)
  A water moccasin (D:6)
  2 slaves (D:4)
  2 eyes of draining (D:8)
  2 ice beasts (D:7)
  A black bear (D:7)
  4 ogres
  2 phantoms
  2 centaurs (D:6)
  A crocodile (D:7)
  Blork the orc (D:4)
  2 bullfrogs
  2 scorpions (D:6)
  9 killer bees (D:8)
  A troll skeleton (D:7)
  3 electric eels (D:6)
  A centaur skeleton (D:4)
  5 hounds
  4 human zombies (D:7)
  2 orc priests
  A jelly (D:6)
  A bullfrog skeleton (D:4)
  A human skeleton (D:7)
  6 iguanas
  Ijyb (D:4)
  3 orc wizards
  Natasha (twice) (D:4)
  8 worker ants
  2 hound zombies
  2 mummies (D:7)
  A worker ant zombie (D:5)
  9 adders
  A river rat (D:3)
  3 shadow imps
  12 oozes
  3 worms
  3 dart slugs
  8 leopard geckos
  19 orcs
  6 ball pythons
  9 bats
  20 giant cockroaches
  7 goblins
  7 hobgoblins
  7 jackals
  6 quokkas
  19 frilled lizards
  5 kobolds
  A leopard gecko zombie (D:5)
  An orc skeleton (D:7)
  A quokka skeleton (D:7)
  10 rats
239 creatures vanquished.

Vanquished Creatures (others)
  A goblin (D:3)
1 creature vanquished.

Grand Total: 240 creatures vanquished

Notes
Turn   | Place    | Note
-------+----------+-------------------------------------------
     0 | D:1      | Kavrick the Draconian Conjurer began the quest for the Orb.
     0 | D:1      | Reached XP level 1. HP: 14/14 MP: 3/3
   358 | D:1      | Reached XP level 2. HP: 20/20 MP: 0/5
   556 | D:1      | Learned a level 2 spell: Searing Ray
  1109 | D:2      | Reached XP level 3. HP: 26/26 MP: 5/7
  1807 | D:2      | Reached XP level 4. HP: 33/33 MP: 4/8
  2287 | D:3      | Found a hazy altar of Hepliaklqana.
  2369 | D:3      | Reached skill level 5 in Conjurations
  2602 | D:3      | Found a glowing drain.
  2753 | Sewer    | Entered a sewer
  3003 | Sewer    | Reached XP level 5. HP: 38/38 MP: 2/10
  3587 | Sewer    | Learned a level 3 spell: Dazzling Spray
  3592 | Sewer    | Learned a level 4 spell: Iskenderun's Mystic Blast
  4040 | Sewer    | Reached skill level 1 in Hexes
  4040 | Sewer    | Reached XP level 6. HP: 25/45 MP: 2/12
  4657 | D:3      | Found a basalt altar of Yredelemnul.
  5094 | D:3      | Reached skill level 6 in Conjurations
  5243 | D:4      | Noticed Blork the orc
  5248 | D:4      | Killed Blork the orc
  5496 | D:4      | Noticed a slave
  5647 | D:4      | Your scales start taking on a pale cyan-grey colour.
  5647 | D:4      | Reached XP level 7. HP: 50/50 MP: 5/14
  5769 | D:4      | Noticed Sigmund
  5917 | D:4      | Reached skill level 5 in Spellcasting
  6044 | D:4      | Noticed Ijyb
  6055 | D:4      | Killed Ijyb
  6517 | D:4      | Noticed Natasha
  6523 | D:4      | Killed Natasha
  6907 | D:4      | Found a snail-covered altar of Cheibriados.
  6915 | D:4      | Found a bloodstained altar of Trog.
  7017 | D:5      | Entered Level 5 of the Dungeon
  7025 | D:5      | Reached skill level 7 in Conjurations
  7244 | D:5      | Reached XP level 8. HP: 57/57 MP: 9/16
  7878 | D:5      | Noticed Edmund
  7934 | D:5      | Killed Edmund
  8100 | D:5      | Found a shattered altar of Ashenzari.
  8197 | D:4      | Noticed Natasha
  8201 | D:4      | Killed Natasha
  8866 | D:6      | Found a blossoming altar of Fedhas.
  9848 | D:6      | Reached skill level 8 in Conjurations
  9848 | D:6      | Reached skill level 5 in Hexes
 10842 | D:7      | Found a blossoming altar of Fedhas.
 10842 | D:7      | Found an iron altar of Okawaru.
 10863 | D:7      | Reached XP level 9. HP: 62/62 MP: 13/19
 10905 | D:7      | Found Ische's Assorted Antiques.
 11181 | D:7      | Found an ancient bone altar of Kikubaaqudgha.
 11877 | D:7      | Found Lepu's Gadget Boutique.
 11988 | D:7      | Found a staircase to the Ecumenical Temple.
 11998 | Temple   | Entered the Ecumenical Temple
 12084 | Temple   | Became a worshipper of Sif Muna the Loreminder
 12154 | D:7      | Reached skill level 9 in Conjurations
 12246 | D:7      | Found an opulent altar of Gozag.
 13198 | D:8      | Reached * piety under Sif Muna
 13292 | D:8      | Reached XP level 10. HP: 59/69 MP: 6/22
 13541 | D:8      | Found a hide-covered altar of Uskayaw.
 13671 | D:8      | Noticed a death yak
 14158 | D:7      | Slain by a killer bee

Vault maps used:
D:1:      lemuel_arrival_rhombus, kennysheep_pointless_box
D:2:      first_bread
D:3:      nicolae_overflow_crystal_walls, lemuel_doored_altar,
          cheibrodos_sewer_entry_sluice, lemuel_old_faithful
D:4:      kennysheep_six_static_rooms, amethyst_overflow_temple_binary,
          uniq_ijyb, uniq_sigmund, uniq_natasha, uniq_blork_the_orc, uniq_pikel
D:5:      old_standard_altar, uniq_edmund
D:6:      minmay_holes, minivault_19, chequers_big_river, fedhas_altar_2
D:7:      kennysheep_mini, gammafunk_temple_overflow_wave,
          lemuel_mausoleum_altar_kikubaaqudgha, minmay_temple_entry_hall,
          serial_shops, shop, nicolae_shop_crystal
D:8:      minmay_the_grid_octo_tiled_squarecenter, marbit_many_paths,
          david_lair_generic, nicolae_ossuary_entry_plus, david_nohive_1
Temple:   minmay_temple_curvy_loop
Sewer:    sewer_frog_island_02

Skill      XL: |  1  2  3  4  5  6  7  8  9 10 |
---------------+-------------------------------+-----
Spellcasting   | 3 4 5 6 8 |  8.4
Conjurations   | 5 6 7 8 9 |  9.8
Hexes          | 1 2 3 5 6 7 |  7.2
Dodging        | |  1.7
Stealth        | |  1.7

Action                   |  1- 3 |  4- 6 |  7- 9 | 10-12 || total
-------------------------+-------+-------+-------+-------++-------
Melee: Short sword       |     9 |     6 |     1 |       ||    16
       Tailslap          |     1 |       |     1 |       ||     2
       Staff             |       |       |    10 |       ||    10
 Cast: Magic Dart        |    71 |   203 |   267 |    20 ||   561
       Searing Ray       |     1 |    13 |    62 |    10 ||    86
       Dazzling Spray    |       |     1 |     1 |     3 ||     5
       Iskenderun's Myst |       |       |     7 |     1 ||     8
 Abil: Breathe Steam     |       |       |       |     1 ||     1
  Use: Potion            |     2 |       |       |     1 ||     3
       Scroll            |       |     6 |    10 |       ||    16
  Eat: Chunk             |     3 |    12 |    18 |       ||    33
       Bread ration      |       |       |     1 |     1 ||     2
       Fruit             |       |       |     2 |       ||     2
Armor: Skin              |     6 |    22 |    43 |    14 ||    85
Dodge: Dodged            |    15 |    40 |    58 |    36 ||   149
Block: Other             |       |    15 |    22 |    11 ||    48
       Reflection        |       |       |     1 |       ||     1

Table legend:
 A = Spawn XP
 B = Non-spawn XP
 C = Spawn XP percentage of total XP
 D = Spawn monster count
 E = Non-spawn monster count
 F = Spawn count percentage of total count
 G = Total turns spent on level
                    A         B        C        D         E        F      G
               +---------+---------+-------+---------+---------+-------+---------
         Total |       0 |    6513 |   0.0 |       0 |     237 |   0.0 | 14158
               +---------+---------+-------+---------+---------+-------+---------
           D:1 |       0 |      72 |   0.0 |       0 |      22 |   0.0 |  1187
           D:2 |       0 |      33 |   0.0 |       0 |      19 |   0.0 |  1055
           D:3 |       0 |     144 |   0.0 |       0 |      27 |   0.0 |  1897
           D:4 |       0 |     821 |   0.0 |       0 |      28 |   0.0 |  2074
           D:5 |       0 |     416 |   0.0 |       0 |      19 |   0.0 |  1190
           D:6 |       0 |     942 |   0.0 |       0 |      22 |   0.0 |  1938
           D:7 |       0 |    2473 |   0.0 |       0 |      27 |   0.0 |  2300
           D:8 |       0 |    1322 |   0.0 |       0 |      21 |   0.0 |   922
         Sewer |       0 |     290 |   0.0 |       0 |      52 |   0.0 |  1463
               +---------+---------+-------+---------+---------+-------+---------
